AoeStats
← Pwncakes

Lombardia

509104286Analyzed
4v4 RM · 6d ago on Sep 25, 2026· 32m 9s· 8 players
Game mode
Random Map
Map size
Large (8 player)
Population
200
Speed
Normal
Resources
Standard
Victory
Conquest
Starting age
Dark Age
Ending age
Imperial Age
RankedLock teamsTeams togetherTeam positionsShared explorationLock speedFull tech treeHidden civsTurbo modeCheats
Victory
Defeat
🇨🇳 Poles · China
1428
+15
🇨🇦 Britons · Canada
1424
+15
🇪🇸 Saracens · Spain
1415
+16
🇺🇸 Wu · United States
1413
+16
🇪🇸 Hindustanis · Spain
1605
-23
🇦🇷 Mongols · Argentina
1369
-14
🇦🇷 Spanish · Argentina
1346
-13
🇪🇸 Khmer · Spain
1310
-12
Aspirante
8:37 Loom
10:56 Feudal Age
14:14 Castle Age
12:53 Double-Bit Axe
26:19 Wheelbarrow
Acido
11:16 Feudal Age
14:01 Loom
17:44 Castle Age
19:45 Double-Bit Axe
26:37 Horse Collar
31:00 Bloodlines
PSX | DP11A
11:41 Feudal Age
15:27 Castle Age
13:23 Double-Bit Axe
14:05 Horse Collar
18:06 Loom
20:21 Bow Saw
23:59 Scale Barding Armor
24:47 Bloodlines
24:37 Husbandry
26:05 Chain Barding Armor
28:25 Forging
29:54 Iron Casting
35:00 Imperial Age
PSX | Cristov
10:05 Feudal Age
14:38 Castle Age
12:41 Double-Bit Axe
15:02 Loom
15:22 Fletching
15:57 Fletching
17:23 Padded Archer Armor
23:46 Leather Archer Armor
27:43 Bow Saw
28:15 Bodkin Arrow
Ranchy
7:28 Loom
9:15 Feudal Age
7:35 Loom
9:45 Double-Bit Axe
12:54 Gold Mining
13:44 Fletching
18:12 Wheelbarrow
22:34 Castle Age
21:22 Padded Archer Armor
22:37 Crossbowman
23:13 Bodkin Arrow
24:00 Bow Saw
24:41 Leather Archer Armor
24:11 Horse Collar
25:57 Ballistics
28:24 Hand Cart
32:22 Gold Shaft Mining
Melquiades3959
7:32 Loom
10:21 Feudal Age
14:04 Fletching
17:57 Horse Collar
19:28 Double-Bit Axe
20:07 Town Watch
23:45 Castle Age
23:07 Padded Archer Armor
24:25 Bodkin Arrow
23:51 Crossbowman
24:52 Bow Saw
27:17 Ballistics
27:33 Wheelbarrow
29:21 Hand Cart
33:54 Imperial Age
Pwncakes
8:04 Loom
10:02 Feudal Age
12:29 Double-Bit Axe
12:36 Gold Mining
13:59 Horse Collar
14:54 Fletching
16:36 Wheelbarrow
18:04 Padded Archer Armor
23:00 Castle Age
20:59 Stone Mining
23:38 Bodkin Arrow
23:04 Crossbowman
25:17 Bow Saw
25:43 Gold Shaft Mining
25:36 Hand Cart
27:15 Leather Archer Armor
27:10 Heavy Plow
29:27 Stone Shaft Mining
29:11 Caravan
30:08 Ballistics
29:31 Treadmill Crane
30:12 Ballistics
30:05 Red Cliffs Tactics
32:01 Town Watch
致远Deepgame
10:36 Feudal Age
11:55 Double-Bit Axe
15:10 Castle Age
13:45 Horse Collar
16:14 Bow Saw
16:05 Heavy Plow
20:30 Wheelbarrow
22:31 Scale Barding Armor
22:36 Forging
23:40 Chain Barding Armor
24:08 Szlachta Privileges
24:32 Husbandry
24:42 Bloodlines
25:03 Bloodlines
27:34 Gold Mining
30:58 Iron Casting
32:50 Hand Cart
Connection lost

Rejoining the realm…

Still unreachable

The connection could not be restored.

Session expired

The server has moved on; the page needs a fresh start.